 Dungeon Crawl Stone Soup version 0.19-a0-1899-g2d93087 (webtiles) character file.

82 dobroeutro the Bolt Thrower (level 4, 0/36 HPs)
             Began as a Formicid Hunter on Oct 19, 2016.
             Slain by an adder (3 damage)
             ... on level 2 of the Dungeon.
             The game lasted 00:02:56 (1176 turns).

dobroeutro the Bolt Thrower (Formicid Hunter)       Turns: 1176, Time: 00:02:57

Health: 0/36       AC:  3    Str: 17    XL:     4   Next: 70%
Magic:  4/4        EV: 12    Int: 11    God:
Gold:   30         SH:  0    Dex: 11    Spells: 0 memorised, 3 levels left

rFire  . . .     SeeInvis +     l - +3 dagger
rCold  . . .     Gourm    .     c - +0 leather armour
rNeg   . . .     Faith    .     (no shield)
rPois  .         Spirit   .     (helmet unavailable)
rElec  .         Reflect  .     (no cloak)
rCorr  .         Harm     .     (no gloves)
MR     .....                    (no boots)
Stlth  ..........               (no amulet)
                                (no ring)
                                e - ring of loudness (curse)

@: lethally poisoned (0 -> -2)
A: permanent stasis, dig shafts and tunnels, four strong arms, antennae 3
a: Dig, Shaft Self


You were on level 2 of the Dungeon.
You were not hungry.

You visited 1 branch of the dungeon, and saw 2 of its levels.

You collected 30 gold pieces.

Inventory:

Hand Weapons
 a - a +1 hand crossbow
 l - a +3 dagger (weapon)
Armour
 c - a +0 leather armour (worn)
Jewellery
 e - a cursed ring of loudness (left hand)
Wands
 o - a wand of digging (16/24)
Scrolls
 j - a scroll of random uselessness {unknown}
 k - a scroll of teleportation {unknown}
 m - a scroll of blinking {unknown}
 n - a scroll of fear {unknown}
 p - a scroll of identify {unknown}
 q - a scroll of enchant weapon {unknown}
Potions
 i - 2 potions of resistance
Comestibles
 f - 2 bread rations
 h - 4 fruits


   Skills:
 + Level 3.6 Fighting
 + Level 5.0 Crossbows
 - Level 1.7 Dodging
 - Level 1.2 Stealth


You had 3 spell levels left.
You didn't know any spells.

Dungeon Overview and Level Annotations

Branches:
Dungeon (2/15)

Altars:


Innate Abilities, Weirdness & Mutations

You are under a permanent stasis effect.
You can dig through walls and to a lower floor.
Your four strong arms can wield two-handed weapons with a shield.
You have a pair of large antennae on your head. (SInv)


Message History

Firing (i - inventory): No suitable missiles.
Press: ? - help, Shift-Dir - straight line, f/p - adder
Aim: an adder (moderately wounded)
Okay, then.
It was a potion of resistance.
You feel protected. The adder bites you but does no damage.
It was a potion of cancellation.
Your magical effects are unravelling.
You feel magically purged.
Your resistance to elements expires.
The adder bites you but does no damage. The adder closely misses you.
Okay, then.
Wield which item (- for none, * to show all)? (? for menu, Esc to quit)
l - a +3 dagger (weapon)
You feel sick.
You hit the adder.
The adder is severely wounded.
The adder bites you.
You die...

.# #.##)#######.#.#.#.# .#
#.##.# #.##...#
.########.##.#######.###.##
............#............##
#########.##.######.###...#
.............# #.###.#.#
######....#### ####.##...)#
#.#### #..........# #.#
#@##.......# #.#
#S####.#.#.# #.#
######(####.#.#.#
.(####.............#.#
..........((####...#>. ###
..##?....#### #.... ..#
#.....# #.... #.# ......!..
#.# #.###>......


You could see an adder.

Vanquished Creatures
  Robin (D:1)
  3 adders
  A worm (D:2)
  A leopard gecko (D:2)
  2 bats
  A giant cockroach (D:2)
  7 hobgoblins
  4 jackals (D:1)
  2 frilled lizards (D:2)
  7 goblins
  15 rats
44 creatures vanquished.

Notes
Turn   | Place    | Note
-------+----------+-------------------------------------------
     0 | D:1      | dobroeutro the Formicid Hunter began the quest for the Orb.
     0 | D:1      | Reached XP level 1. HP: 16/16 MP: 1/1
   102 | D:1      | Reached XP level 2. HP: 23/23 MP: 2/2
   341 | D:1      | Reached XP level 3. HP: 29/29 MP: 3/3
   508 | D:2      | Noticed Robin
   688 | D:1      | Killed Robin
   688 | D:1      | Reached XP level 4. HP: 18/35 MP: 4/4
  1049 | D:2      | Reached skill level 5 in Crossbows
  1176 | D:2      | Slain by an adder

Vault maps used:
D:1:      erik_arrival_orb_chamber
D:2:      uniq_robin

Skill      XL: |  1  2  3  4 |
---------------+-------------+-----
Fighting       | 3 |  3.6
Crossbows      | 5 |  5.0
Dodging        | |  1.7
Stealth        | |  1.2

Action                   |  1- 3 |  4- 6 || total
-------------------------+-------+-------++-------
Melee: Short sword       |   100 |       ||   100
       Dagger            |    19 |    38 ||    57
 Fire: Hand crossbow     |     3 |    20 ||    23
 Abil: Dig               |     1 |       ||     1
  Use: Potion            |     1 |     2 ||     3
  Eat: Chunk             |       |     1 ||     1
Armor: Leather armour    |    28 |     9 ||    37
Dodge: Dodged            |    72 |    38 ||   110
